Map: Pendiente de Agustín EE

Players

TATORREA - Winner!

  • Race: Protoss Protoss
  • League: Gold
  • Spawn Location: 12:00

MrFercho - Winner!

  • Race: Zerg Zerg
  • League: Silver
  • Spawn Location: 12:00

tigro - Winner!

  • Race: Terran Terran
  • League: Bronze
  • Spawn Location: 11:00

fatcreep

  • Race: Zerg Zerg
  • Spawn Location: 6:00

Lhega

  • Race: Protoss Protoss
  • Spawn Location: 6:00

Reguzman

  • Race: Terran Terran
  • Spawn Location: 5:00

VOD

Have the link to the VOD?

Description

Time

  • Played on: July 11, 2020, 5:37 p.m.
  • Length: 17:19
Show
View Real Time Build Order
Export as new Build Order

TATORREA Protoss - Winner!

Build Orders:  

Get SALT Encoding   

  12  0:04  Probe  
  13  0:17  Probe  
  14  0:29  Pylon, Probe  
  15  0:47  Probe  
  15  0:49  Gateway  
  16  1:06  Probe  
  17  1:14  Probe  
  17  1:16  Assimilator  
  18  1:20  Pylon  
  18  1:23  Probe  
  19  1:35  Probe  
  20  1:56  Nexus  
  20  2:05  Cybernetics Core  
  20  2:06  Gateway  
  20  2:11  Pylon, Probe  
  21  2:23  Probe  
  21  2:26  Assimilator  
  22  2:35  Gateway, Probe  
  23  2:41  Stalker  
  23  2:43  Warp Gate  
  24  2:47  Probe  
  25  2:54  Stalker  
  25  2:57  Probe  
  27  3:05  Probe x2  
  30  3:13  Probe x2  
  30  3:17  Stalker  
  34  3:24  Probe  
  34  3:25  Probe  
  36  3:28  Sentry  
  38  3:37  Stalker  
  38  3:38  Probe  
  38  3:39  Probe  
  42  3:44  Assimilator  
  42  3:46  Assimilator  
  42  3:50  Probe  
  42  3:51  Probe  
  44  4:02  Probe  
  45  4:03  Probe  
  45  4:06  Robotics Facility  
  45  4:09  Pylon  
  46  4:43  Stalker  
  46  4:44  Stalker x2  
  52  4:53  Probe x2  
  54  5:05  Probe x2  
  56  5:29  Probe, Nexus  
  56  5:30  Pylon, Probe  
  56  5:33  Pylon  
  58  5:37  Pylon, Probe  
  58  5:38  Probe  
  60  5:46  Probe x2  
  60  5:49  Stalker  
  63  5:50  Stalker  
  63  5:51  Gateway x2, Stalker  
  63  5:53  Stargate  
  63  5:55  Stargate  
  68  5:58  Stargate  
  68  6:01  Pylon  
  68  6:05  Pylon  
  68  6:07  Forge  
  68  6:09  Forge  
  68  6:10  Forge  
  68  6:16  Stalker x2  
  72  6:18  Stalker  
  72  6:32  Void Ray x2  
  56  6:34  Void Ray  
  58  6:48  Stalker  
  58  7:08  Stalker  
  60  7:09  Stalker x2  
  64  7:28  Nexus  
  62  7:31  Pylon  
  62  7:32  Void Ray x2  
  70  7:45  Pylon  
  70  7:46  Gateway  
  70  7:57  Stalker  
  70  7:58  Stalker x2  
  74  8:52  Probe x3  
  77  9:02  Void Ray  
  77  9:03  Void Ray  
  77  9:04  Probe x3  
  77  9:05  Stalker x3  
  77  9:06  Stalker x2  
  98  9:11  Protoss Ground Armor Level 1, Protoss Ground Weapons Level 1, Protoss Shields Level 1  
  98  9:16  Probe x3  
  101  9:23  Twilight Council  
  101  9:32  Pylon  
  101  9:39  Pylon, Nexus  
  101  9:43  Assimilator  
  101  9:46  Assimilator  
  101  9:48  Pylon  
  101  9:50  Probe x3  
  104  9:52  Pylon  
  104  9:53  Void Ray  
  105  10:19  Nexus  
  105  10:26  Stalker x2  
  109  10:43  Probe  
  110  10:50  Probe  
  110  10:54  Probe  
  112  10:59  Pylon  
  112  11:05  Pylon  
  112  11:06  Probe x3  
  112  11:09  Pylon  
  112  11:10  Stalker x4  
  123  11:14  Pylon  
  123  11:16  Protoss Ground Armor Level 2, Protoss Ground Weapons Level 2  
  123  11:18  Probe x2  
  124  11:19  Probe  
  124  11:21  Protoss Shields Level 2  
  126  11:31  Probe  
  127  11:36  Probe x2  
  127  11:37  Probe  
  130  11:43  Probe  
  131  12:01  Stalker x4  
  131  12:02  Stalker  
  131  12:04  Void Ray  
  141  12:45  Stalker  
  141  12:46  Stalker x4  
  141  12:48  Void Ray x2  
  159  12:53  Probe x3  
  159  12:54  Probe  
  163  13:00  Assimilator  
  163  13:02  Assimilator  
  159  13:13  Stalker x4  
  159  13:14  Stalker  
  169  13:45  Void Ray  
  169  13:46  Void Ray  
  155  14:24  Stalker x4  
  151  14:25  Stalker  
  151  14:28  Void Ray  
  151  14:29  Void Ray  
  145  15:11  Stalker, Void Ray  
  145  15:12  Stalker x4  
  159  15:15  Void Ray  
  161  15:53  Void Ray  
  165  17:00  Stalker x3  
  171  17:12  Pylon  
  171  17:18  Pylon  
Show
View Real Time Build Order
Export as new Build Order

MrFercho Zerg - Winner!

Build Orders: Hatch First 

Get SALT Encoding   

  12  0:01  Drone  
  13  0:14  Overlord  
  13  0:17  Drone  
  14  0:32  Drone x2  
  16  0:57  Drone x2  
  16  0:58  Hatchery  
  16  1:00  Drone  
  18  1:08  Drone  
  19  1:14  Extractor  
  18  1:23  Spawning Pool  
  17  1:28  Drone  
  17  1:30  Drone  
  19  1:44  Drone  
  20  1:51  Overlord  
  20  2:05  Overlord  
  20  2:10  Queen x2  
  20  2:12  Zergling x2, Drone  
  26  2:20  Metabolic Boost  
  26  2:22  Drone  
  27  2:24  Drone  
  28  2:35  Drone x2  
  30  2:42  Drone  
  31  2:46  Drone  
  32  2:58  Drone  
  32  2:59  Drone  
  35  3:05  Zergling x2  
  35  3:09  Drone  
  36  3:25  Drone x8  
  36  3:26  Baneling Nest  
  43  3:37  Evolution Chamber x2  
  43  3:39  Extractor  
  40  3:41  Zergling x4  
  40  3:42  Extractor  
  41  3:58  Zergling x6  
  44  4:08  Hatchery  
  43  4:12  Zergling x2  
  43  4:13  Overlord x4  
  43  4:14  Overlord  
  44  4:30  Zergling x2  
  44  4:31  Zergling x2  
  43  4:43  Zergling x6  
  46  5:00  Drone x3  
  44  5:24  Zerg Melee Weapons Level 1, Zerg Ground Armor Level 1  
  44  5:33  Queen  
  46  5:43  Drone x8  
  46  5:44  Drone  
  55  5:57  Hatchery  
  55  6:00  Hatchery  
  55  6:01  Zergling x6  
  56  6:24  Zergling x2  
  56  6:25  Zergling x20  
  62  6:30  Baneling x4  
  62  6:49  Lair  
  62  6:52  Zergling x2  
  62  6:53  Zergling x20  
  73  6:54  Baneling  
  73  6:55  Baneling x11  
  62  7:44  Zergling x28  
  69  8:13  Zergling x16  
  77  8:22  Centrifical Hooks  
  77  8:26  Zergling x14  
  85  8:34  Zergling x18  
  93  8:51  Spine Crawler  
  93  8:52  Drone x8  
  93  8:53  Spine Crawler  
  93  8:54  Spine Crawler  
  98  8:56  Zerg Ground Armor Level 2, Zerg Melee Weapons Level 2  
  92  9:31  Zergling x20  
  100  9:33  Baneling x11  
  100  9:34  Baneling, Overlord x2  
  100  9:35  Overlord x4  
  102  9:55  Baneling x3  
  102  9:56  Baneling x14  
  101  10:32  Zergling x28  
  101  10:33  Zergling x34  
  132  10:53  Overseer, Spire  
  132  10:56  Extractor  
  78  12:07  Mutalisk  
  78  12:08  Mutalisk x11  
  60  12:14  Extractor  
  74  12:15  Extractor  
  73  12:24  Zergling x38  
  73  12:25  Zergling x26  
  105  12:42  Infestation Pit  
  104  12:48  Zerg Flyer Weapons Level 1  
  104  12:57  Baneling x11  
  104  12:58  Baneling  
  104  13:07  Drone x17  
  121  13:37  Hatchery  
  120  13:51  Hatchery  
  83  14:16  Mutalisk x11  
  83  14:17  Mutalisk  
  72  14:20  Zergling x16  
  72  14:21  Zergling x44  
  118  14:44  Drone  
  118  14:45  Drone x9  
  127  15:35  Zergling x30  
  138  15:36  Zergling x18  
Show
View Real Time Build Order
Export as new Build Order

tigro Terran - Winner!

Build Orders:  

Get SALT Encoding   

  12  0:03  SCV  
  13  0:15  SCV  
  14  0:22  Supply Depot  
  14  0:27  SCV  
  15  0:31  Refinery  
  15  0:44  SCV  
  15  0:49  Barracks  
  16  0:56  SCV  
  17  1:07  Refinery  
  17  1:08  SCV  
  18  1:20  SCV  
  19  1:32  SCV  
  19  1:39  Marine  
  21  1:45  SCV  
  22  1:53  Supply Depot  
  22  1:56  Marine  
  23  2:02  Orbital Command  
  23  2:14  Marine  
  24  2:18  Factory  
  24  2:32  Marine  
  25  2:50  Marine  
  25  2:51  SCV  
  27  3:02  Engineering Bay  
  27  3:03  SCV  
  27  3:04  Barracks, Factory Tech Lab  
  28  3:26  Siege Tank  
  31  3:29  Starport  
  31  3:32  Barracks Tech Lab  
  31  3:42  Terran Infantry Weapons Level 1  
  31  3:54  Barracks Reactor  
  31  3:59  Siege Tank  
  30  4:07  Marine  
  15  4:22  Medivac  
  6  4:25  Marine  
  7  4:43  Marine  
  8  4:48  SCV  
  9  5:00  SCV  
  9  5:01  Marine  
  11  5:11  Starport Tech Lab  
  11  5:12  SCV  
  12  5:19  Marine  
  13  5:24  SCV  
  14  5:36  SCV  
  15  5:49  SCV  
  16  6:01  SCV  
  17  6:09  Marine x3  
  20  6:13  SCV  
  14  6:26  Marine  
  14  6:27  Marine x2  
  17  6:44  Marine  
  17  6:45  Marine  
  8  6:48  Marine  
  6  7:02  Marine  
  4  7:15  Orbital Command  
Show
View Real Time Build Order
Export as new Build Order

fatcreep Zerg 

Build Orders: Pool First 

Get SALT Encoding   

  12  0:01  Drone  
  13  0:13  Overlord  
  13  0:26  Drone  
  14  0:33  Drone  
  14  0:34  Drone  
  16  0:40  Drone  
  17  0:49  Drone  
  18  0:55  Extractor  
  17  1:05  Spawning Pool  
  17  1:06  Drone  
  17  1:14  Drone  
  18  1:21  Drone  
  19  1:34  Hatchery, Drone  
  19  1:52  Zergling x2  
  19  1:53  Queen  
  22  1:57  Metabolic Boost  
  22  1:58  Overlord  
  22  2:20  Zergling x4  
  24  2:35  Zergling x2  
  24  2:36  Zergling x2  
  26  2:48  Zergling x2  
  27  2:54  Zergling x2  
  27  2:58  Zergling x2  
  29  3:03  Queen  
  31  3:07  Zergling x8  
  31  3:11  Zergling x2  
  36  3:38  Overlord x2  
  36  3:39  Overlord  
  35  4:15  Zergling x6  
  35  4:16  Zergling x6  
  41  4:22  Zergling x12  
  38  5:21  Roach Warren  
  37  5:24  Drone x5  
  42  5:36  Baneling Nest  
  42  5:37  Lair  
  42  5:42  Extractor  
  40  5:43  Zergling x10  
  40  5:49  Zergling x4  
  47  5:58  Drone x3  
  47  5:59  Drone  
  51  6:11  Drone  
  51  6:12  Drone x4  
  50  6:58  Roach x4  
  58  7:23  Overlord x3  
  58  7:28  Extractor  
  57  7:32  Extractor  
  41  7:53  Spire  
  41  7:55  Spire  
  38  8:11  Roach x6  
  50  8:16  Roach x7  
  64  8:27  Drone  
  65  8:51  Hatchery  
  65  8:53  Drone x2  
  65  8:54  Drone  
  65  8:55  Drone x2  
  69  9:22  Mutalisk  
  69  9:24  Mutalisk  
  73  9:51  Burrow  
  65  10:15  Ravager x3  
  65  10:16  Ravager x3  
  65  10:17  Ravager  
  57  10:22  Mutalisk x2  
  57  10:23  Mutalisk  
  45  10:35  Extractor  
  45  10:37  Extractor  
  45  10:42  Drone x3  
  46  10:57  Mutalisk x3  
  46  11:02  Zergling x6  
  46  11:03  Zergling x10  
  60  11:05  Centrifical Hooks  
  60  11:11  Zergling x2  
  60  11:12  Zergling x16  
  60  11:13  Zergling x10  
  74  11:28  Baneling x3  
  74  11:29  Baneling x8  
  74  11:30  Baneling x5  
  68  12:29  Queen  
  70  12:31  Drone  
  70  12:32  Drone x2  
  73  12:38  Mutalisk  
  73  12:39  Mutalisk x7  
  89  12:44  Overlord  
  89  12:46  Overlord  
  89  12:47  Overlord x2  
  89  13:09  Zergling x6  
  92  13:13  Zergling x2  
  92  13:14  Zergling x10  
  98  13:20  Baneling x5  
  98  13:21  Baneling x6  
  98  13:22  Baneling x6  
  98  13:23  Baneling x5  
  98  13:24  Baneling x2  
  85  13:54  Mutalisk x3  
  85  13:55  Mutalisk x2  
  67  14:15  Mutalisk x2  
  67  14:16  Roach x3, Mutalisk x2  
Show
View Real Time Build Order
Export as new Build Order

Lhega Protoss 

Build Orders:  

Get SALT Encoding   

  12  0:00  Probe  
  13  0:08  Probe  
  14  0:17  Probe  
  15  0:43  Pylon  
  15  1:01  Probe  
  16  1:08  Gateway  
  16  1:13  Probe  
  17  1:20  Assimilator  
  17  1:25  Probe  
  18  1:33  Probe  
  19  1:41  Probe  
  20  1:51  Probe  
  21  1:58  Zealot  
  23  2:02  Cybernetics Core  
  23  2:15  Pylon  
  23  2:21  Pylon  
  23  2:27  Zealot  
  23  2:33  Probe  
  26  2:45  Probe  
  26  2:47  Twilight Council  
  26  2:50  Zealot  
  27  2:54  Gateway  
  29  3:10  Gateway  
  29  3:11  Zealot  
  29  3:14  Charge  
  31  3:38  Zealot  
  33  3:43  Zealot  
  33  3:45  Forge  
  35  3:56  Zealot  
  37  4:05  Pylon  
  37  4:08  Pylon  
  37  4:10  Zealot  
  39  4:18  Protoss Ground Weapons Level 1  
  39  4:23  Zealot x2  
  43  4:37  Zealot  
  45  4:50  Zealot x2  
  49  5:04  Zealot  
  51  5:18  Zealot x2  
  55  5:51  Pylon  
  55  5:53  Pylon  
  55  5:58  Pylon  
  55  6:09  Stalker, Zealot x2  
  59  6:36  Zealot x2  
  59  6:39  Stalker  
  65  7:03  Zealot x2  
  69  7:09  Stalker  
  43  7:30  Zealot  
  43  7:31  Zealot  
  39  7:39  Protoss Ground Armor Level 1, Stalker  
  41  7:58  Zealot x2  
  45  8:09  Stalker  
  47  8:25  Zealot x2  
  51  8:39  Stalker  
  51  8:40  Nexus  
  53  8:52  Zealot x2  
  57  9:09  Stalker  
  55  9:19  Zealot x2  
  41  9:38  Protoss Ground Weapons Level 2  
  41  9:39  Stalker  
  43  9:46  Zealot x2  
  47  10:03  Blink  
  47  10:09  Sentry  
  47  10:13  Zealot x2  
  53  10:26  Probe  
  53  10:34  Probe  
  53  10:35  Stalker  
  56  10:40  Zealot x2  
  61  10:43  Probe  
  62  11:01  Assimilator  
  62  11:05  Stalker  
  62  11:07  Zealot x2  
  68  11:17  Robotics Facility  
  64  11:34  Zealot x2  
  64  11:35  Stalker  
  24  12:01  Zealot  
  24  12:02  Zealot  
  24  12:05  Stalker, Probe  
  24  12:13  Probe  
  26  12:23  Probe  
  26  12:29  Zealot x2  
  31  12:35  Stalker, Probe  
  34  12:56  Zealot x2  
    14:08  Immortal  
Show
View Real Time Build Order
Export as new Build Order

Reguzman Terran 

Build Orders:  

Get SALT Encoding   

  12  0:06  SCV  
  13  0:18  SCV  
  14  0:23  Supply Depot  
  14  0:28  Refinery  
  14  0:33  SCV  
  15  0:45  SCV  
  16  0:50  Barracks  
  16  0:57  SCV  
  17  1:14  SCV  
  17  1:18  Refinery  
  18  1:26  SCV  
  18  1:28  Engineering Bay  
  18  1:32  Supply Depot  
  19  1:38  SCV  
  20  1:44  Barracks Reactor  
  20  1:49  Barracks  
  20  1:53  SCV  
  21  2:16  SCV  
  22  2:25  Marine x2, Factory  
  22  2:28  SCV  
  25  2:40  Barracks Reactor, SCV  
  25  2:43  Marine x2  
  28  2:48  Supply Depot  
  28  2:52  SCV  
  28  2:56  Terran Infantry Armor Level 1  
  29  3:02  Marine x2  
  31  3:10  SCV  
  32  3:20  Marine  
  32  3:22  SCV  
  32  3:23  Starport  
  32  3:25  Factory Tech Lab  
  34  3:33  Reaper x2  
  36  3:42  Supply Depot  
  36  4:06  Supply Depot  
  36  4:08  Reaper x2  
  36  4:09  Reaper x2  
  40  4:13  SCV  
  41  4:25  SCV  
  41  4:29  Supply Depot, Medivac  
  44  4:37  SCV  
  45  4:48  Reaper x2  
  47  5:09  Marine  
  47  5:10  Marine  
  47  5:17  SCV  
  48  5:25  Command Center  
  49  5:29  SCV  
  49  5:31  Reaper x4  
  51  5:41  SCV  
  52  5:59  Refinery  
  52  6:02  Refinery  
  52  6:03  Reaper  
  52  6:04  Reaper x2  
  55  6:09  Orbital Command  
  55  6:18  Barracks  
  52  6:40  Reaper x4  
  56  7:30  Reaper x3  
  56  7:32  Siege Tank  
  56  7:36  Barracks Tech Lab  
  62  7:41  SCV  
  63  7:52  Reaper  
  63  7:53  SCV  
  60  8:02  Reaper x2  
  60  8:04  Siege Tank  
  60  8:05  SCV  
  60  8:17  SCV  
  58  8:29  SCV  
  58  8:30  Marine x2  
  58  8:31  Marine  
  58  8:34  Marine x2  
  63  8:36  Medivac, Siege Tank  
  63  8:41  SCV x2  
  71  8:48  Marine x3  
  71  8:51  Marine  
  71  8:52  Marine  
  71  8:53  SCV x2  
  77  9:05  SCV  
  78  9:16  Marine, SCV  
  78  9:17  Marine  
  78  9:18  Marine x2, SCV  
  78  9:19  Marine  
  77  9:28  SCV  
  77  9:30  Supply Depot  
  78  9:52  Marine x4, Siege Tank, SCV  
  86  9:54  Supply Depot  
  86  10:00  Supply Depot  
  86  10:06  Orbital Command  
  86  10:15  Marine x5  
  86  10:19  Supply Depot  
  91  10:22  Supply Depot  
  91  10:24  Siege Tank  
  94  10:33  Marine  
  95  10:42  Supply Depot  
  95  10:54  Factory  
  95  10:56  Siege Tank  
  98  10:57  Medivac  
  100  11:06  Starport  
  32  12:17  SCV  
  33  12:29  SCV  
  8  12:47  Orbital Command  
  3  13:13  SCV  
  4  13:25  SCV  
  5  13:37  SCV  
  3  13:49  SCV  
  4  14:01  SCV  
  5  14:05  Command Center  
  5  14:23  SCV  
  6  14:35  SCV  
  7  14:47  SCV  
  7  14:49  Supply Depot  
  7  15:02  SCV  
  8  15:12  Supply Depot  
  8  15:14  SCV  
  9  15:28  Command Center, SCV  
  9  15:29  Command Center  
  9  15:32  SCV  
  11  15:36  Refinery  
  11  15:44  SCV  
  11  15:56  SCV  
  11  16:08  SCV  
Tags
 
Add a new tag
Caveats
  • Supply blocks, unpowered buildings, or Contaminate may cause inaccurate times.
  • Supply counts are checked every 10 seconds.